 Dungeon Crawl Stone Soup version 0.24.1-11-gbbbb2193e6 (webtiles) character file.

Game seed: 13037877683308655016, levelgen mode: deterministic

231 Hugehornet the Changer (level 6, 0/38 HPs)
             Began as an Octopode Transmuter on May 11, 2020.
             Slain by an orc
             ... wielding a +0 mace
              (2 damage)
             ... on level 3 of the Dungeon.
             The game lasted 00:06:16 (3452 turns).

Hugehornet the Changer (Octopode Transmuter)        Turns: 3452, Time: 00:06:17

Health: 0/38       AC:  1    Str:  9    XL:     6   Next: 3%
Magic:  7/10       EV: 13    Int: 18    God:
Gold:   145        SH:  0    Dex: 12    Spells: 1/11 levels left

rFire    . . .     SeeInvis .     - Unarmed
rCold    . . .     Gourm    .   (no shield)
rNeg     . . .     Faith    .   (helmet restricted)
rPois    .         Spirit   .   i - amulet of regeneration
rElec    .         Reflect  .   g - ring of wizardry
rCorr    .         Harm     .   (no ring)
MR       .....                  (no ring)
Stlth    ++........             (no ring)
HPRegen  0.52/turn              (no ring)
MPRegen  0.12/turn              (no ring)
                                (no ring)
                                (no ring)

@: appendage
A: almost no armour, stealthy swim, amphibious, 8 rings, constrict 8, tentacle
spike 3, camouflage 1, gelatinous body 1
a: End Transformation


You were on level 3 of the Dungeon.
You were not hungry.
One of your tentacles had a temporary spike.
You visited 1 branch of the dungeon, and saw 3 of its levels.

You collected 145 gold pieces.

Inventory:

Missiles
 a - 22 arrows
Jewellery
 g - a ring of wizardry (left tentacle)
 i - an amulet of regeneration (around mantle)
Scrolls
 b - 3 scrolls of identify {unknown}
 h - a scroll of enchant armour {unknown}
 j - a scroll of blinking {unknown}
 l - a scroll of fog {unknown}
 m - 2 scrolls of magic mapping {unknown}
 n - a scroll of teleportation {unknown}
Potions
 e - 2 potions of agility {unknown}
 f - 2 potions of heal wounds {unknown}
 k - a potion of invisibility {unknown}
Comestibles
 c - 6 rations
 o - a chunk of flesh


   Skills:
 - Level 1.0 Fighting
 - Level 2.0 Dodging
 + Level 3.7 Unarmed Combat
 + Level 3.2 Spellcasting
 * Level 4.5 Transmutations
 * Level 0.9 Ice Magic
 - Level 1.0 Poison Magic


You had one spell level left.
You knew the following spells:

 Your Spells              Type           Power        Failure   Level  Hunger
a - Beastly Appendage     Tmut           ###...       1%          1    None
b - Sticks to Snakes      Tmut           ###.....     1%          2    ##.....
c - Spider Form           Tmut/Pois      ##........   6%          3    ###....
d - Ice Form              Ice/Tmut       ##......     21%         4    ####...

Your spell library contained the following spells:

 Spells                   Type           Power        Failure   Level  Hunger
 Blade Hands              Tmut           ###.......   26%         5    ######.


Dungeon Overview and Level Annotations

Branches:
Dungeon (3/15)

Altars:
Sif Muna
Vehumet

Annotations:
D:3 exclusion: gnoll


Innate Abilities, Weirdness & Mutations

You cannot wear most types of armour.
You are very stealthy in the water. (Stealth+)
You are amphibious.
You can wear up to eight rings at the same time.
You can use your tentacles to constrict eight enemies at once.
Your skin changes colour to match your surroundings (Stealth+).
Your rubbery body absorbs attacks. (AC +1, EV +1)
One of your tentacles bears a large vicious spike.


Message History

Confirm with . or Enter, or press ? or * to list all spells.
One of your tentacles grows a vicious spike.
The orc barely misses you. The orc hits you with a +0 club.
* * * LOW HITPOINT WARNING * * *
The leopard gecko bites you.
* * * LOW HITPOINT WARNING * * *
The orc misses you.
You feel better. The leopard gecko barely misses you.
The orc barely misses you. x2; The orc hits you with a +0 mace.
* * * LOW HITPOINT WARNING * * *
You tentacle-slap the orc. You grab the orc.
You pierce the orc.
The orc is almost dead.
You constrict the orc.
You kill the orc!
The leopard gecko bites you.
* * * LOW HITPOINT WARNING * * *
The orc hits you with a +0 hand axe!
* * * LOW HITPOINT WARNING * * *
The orc hits you with a +0 mace.
You die...

........#....#........
.......#+#.######..#...#.
....... #.# #_.......
....... #.# #..#...#.
#%.....#+#+#### #........
#...[........# #########
#...........#
..#....)).....#
........@.....# .....
.......loo....# .....
.#............##.....
#...^...............
#...####'#'##........
.... #.#.##......# ...
#.#)##....(.# ..
#.#.........#
#.#.........#


You could see 2 orcs and a leopard gecko.

Vanquished Creatures
  A bullfrog (D:3)
  An orc wizard (D:3)
  6 adders
  4 oozes
  2 worms
  A dart slug (D:1)
  3 orcs (D:3)
  5 giant cockroaches
  7 goblins
  8 hobgoblins
  8 kobolds
  A quokka (D:3)
  8 bats
  3 frilled lizards
  7 rats
65 creatures vanquished.

Notes
Turn   | Place    | Note
-------+----------+-------------------------------------------
     0 | D:1      | Hugehornet the Octopode Transmuter began the quest for the
                  | Orb.
     0 | D:1      | Reached XP level 1. HP: 13/13 MP: 3/3
   195 | D:1      | Reached XP level 2. HP: 9/18 MP: 3/5
   199 | D:1      | Learned a level 2 spell: Sticks to Snakes
   654 | D:1      | You fall into a shaft and drop 1 floor!
   716 | D:2      | Reached skill level 3 in Transmutations
   716 | D:2      | Reached XP level 3. HP: 23/23 MP: 6/6
   721 | D:2      | Learned a level 3 spell: Spider Form
  1337 | D:1      | Reached skill level 1 in Poison Magic
  1846 | D:1      | Reached XP level 4. HP: 28/28 MP: 5/7
  2878 | D:3      | Found a radiant altar of Vehumet.
  2927 | D:3      | Reached XP level 5. HP: 33/33 MP: 7/9
  3038 | D:3      | Reached skill level 4 in Transmutations
  3173 | D:3      | Learned a level 4 spell: Ice Form
  3212 | D:3      | Found a shimmering blue altar of Sif Muna.
  3442 | D:3      | Reached XP level 6. HP: 21/38 MP: 7/10
  3452 | D:3      | Slain by an orc

Levels and vault maps discovered:
D:1:      erik_arrival_gehennom, layout_basic
D:2:      layout_loops_corners, hangedman_decor_clover_reticule
D:3:      layout_basic, marbit_many_paths, lemuel_coloured_pillars_altar,
          fiery_altar_vehumet, first_ration, trog_butcher_becter

Skill      XL: |  1  2  3  4  5 |
---------------+----------------+-----
Transmutations | 3 4 |  4.5
Poison Magic   | 1 |  1.0
Spellcasting   | 3 |  3.2
Fighting       | |  1.0
Dodging        | |  2.0
Unarmed Combat | |  3.7
Ice Magic      | |  0.9

Action                   |  1- 3 |  4- 6 || total
-------------------------+-------+-------++-------
Melee: Unarmed           |    75 |    86 ||   161
       Constrict         |    24 |    21 ||    45
       Tentacles         |    15 |    11 ||    26
       Kick              |    20 |    20 ||    40
       Punch             |     1 |     1 ||     2
 Cast: Beastly Appendage |    23 |    23 ||    46
       Spider Form       |       |     1 ||     1
  Use: Potion            |       |     2 ||     2
 Stab: Sleeping          |     5 |     4 ||     9
  Eat: Chunk             |     2 |     3 ||     5
       Ration            |       |     1 ||     1
Armor: Skin              |     8 |     6 ||    14
Dodge: Dodged            |    60 |    76 ||   136
